 Dungeon Crawl Stone Soup version 0.30.1-3-gfc49f6343a (webtiles) character file.

Game seed: 8456626371642670504

2 CaptainMV the Conjurer (level 1, 0/13 HPs)
             Began as a Demonspawn Wanderer on July 20, 2023.
             Slain by a goblin
             ... wielding a +0 dagger
              (2 damage)
             ... on level 1 of the Dungeon.
             The game lasted 00:02:34 (63 turns).

CaptainMV the Conjurer (Demonspawn Wanderer)          Turns: 63, Time: 00:02:36

Health: 0/13       AC:  3    Str:  9    XL:     1   Next: 25%
Magic:  1/3        EV: 11    Int: 15    God:
Gold:   9          SH:  0    Dex: 13    Spells: 3/4 levels left

rFire   . . .        a - +0 dagger
rCold   . . .        (no shield)
rNeg    . . .        c - +0 robe
rPois   .            d - +0 helmet
rElec   .            (no cloak)
rCorr   .            (no gloves)
SInv    .            (no boots)
Will    .....        (no amulet)
Stlth   ++           (no ring)
HPRegen 0.22/turn    (no ring)
MPRegen 0.08/turn

%: no passive effects
@: no status effects
A: no striking features
a: no special abilities


You were on level 1 of the Dungeon.
You visited 1 branch of the dungeon, and saw 1 of its levels.

You collected 9 gold pieces.

Inventory:

Hand Weapons
 a - a +0 dagger (weapon)
Armour
 c - a +0 robe (worn)
 d - a +0 helmet (worn)
Scrolls
 e - a scroll of identify {unknown}
Potions
 b - 2 potions of berserk rage
 f - a potion of brilliance {unknown}


   Skills:
 + Level 2.6 Armour
 + Level 1.0 Stealth
 + Level 2.0 Spellcasting
 + Level 3.1 Conjurations
 + Level 1.0 Poison Magic


You had 3 spell levels left.
You knew the following spells:

 Your Spells              Type           Power      Damage    Failure   Level
a - Sting                 Tmut/Pois      12%        1d3       19%         1

Your spell library contained the following spells:

 Spells                   Type           Power      Damage    Failure   Level
 Shock                    Conj/Air       24%        1d4       12%         1
 Static Discharge         Conj/Air       12%        2-3/arc   19%         2
 Ignite Poison            Fire/Tmut/Pois 2%         N/A       50%         3
 Flame Wave               Conj/Fire      6%         2d5       75%         4


Dungeon Overview and Level Annotations

Branches:
Dungeon (1/15)

Altars:


Message History

f - a bubbling amethyst potion The goblin shouts!
You see here 9 gold pieces.
You now have 9 gold pieces.
The giant cockroach bites you but does no damage.
You closely miss the giant cockroach. The giant cockroach misses you.
The goblin hits you with a +0 dagger.
The giant cockroach bites you but does no damage.
The giant cockroach closely misses you. The goblin hits you but does no damage.
You hit the goblin.
The goblin is moderately wounded.
The giant cockroach bites you. The goblin closely misses you.
You closely miss the goblin. The giant cockroach closely misses you.
The goblin closely misses you.
You barely miss the goblin. The giant cockroach bites you.
The goblin hits you with a +0 dagger.
You hit the goblin.
The goblin is heavily wounded.
The giant cockroach completely misses you.
The giant cockroach bites you.
* * * LOW HITPOINT WARNING * * *
The goblin hits you but does no damage.
You closely miss the goblin.
The goblin is heavily wounded.
The giant cockroach barely misses you. The goblin hits you but does no damage.
You barely miss the goblin.
The goblin is heavily wounded.
The giant cockroach bites you.
* * * LOW HITPOINT WARNING * * *
The goblin hits you with a +0 dagger.
* * * LOW HITPOINT WARNING * * *
Casting: Sting (safe; 19% risk of failure)
Confirm with . or Enter, or press ? or * to list all spells.
Aiming: Sting (safe; 19% risk of failure)
Press: ? - help, Shift-Dir - straight line, f - goblin
Aim: a goblin, wielding a +0 dagger (heavily wounded, 55% to hit)
The sting misses the goblin.
The giant cockroach bites you but does no damage.
The goblin hits you with a +0 dagger.
You die...

....###..#....# ...
P........###..##.......
P..#[....#>......##....
.⌠##.....#.#..##...#..
.## ..#..#.#..##....# #
..#..#.#..##....#
..........#....#
.####.#.##B..#
...........@#
........>..g#
............?.....
......####.#.#.###
.(###. #.#.# # . #.
#.#.# .. #.#.# ..#.#
###


You could see a giant cockroach and a goblin.

Vanquished Creatures
  A hobgoblin (D:1)
  A kobold (D:1)
  3 butterflies (D:1)
5 creatures vanquished.

Notes
Turn   | Place    | Note
-------+----------+-------------------------------------------
     0 | D:1      | CaptainMV the Demonspawn Wanderer began the quest for the
                  | Orb.
     0 | D:1      | CaptainMV set off with the following items: a +0 dagger, a
                  | potion of berserk rage, a +0 robe, a +0 helmet; and the
                  | following spells available to memorise: Shock, Sting,
                  | Static Discharge, Ignite Poison, Flame Wave.
     0 | D:1      | Reached XP level 1. HP: 13/13 MP: 3/3
     9 | D:1      | Learned a level 1 spell: Sting
    63 | D:1      | Slain by a goblin

Illustrated notes

Levels and vault maps discovered:
D:1:      spicycebolla_arrival_clurvy, layout_basic, minmay_misc_feat_chi,
          minmay_pentomino_x4

Action                     || total
---------------------------++-------
  Melee: Dagger            ||    24
   Cast: Sting             ||     4
   Stab: Sleeping          ||     2
 Armour: Robe              ||    10
  Dodge: Dodged            ||    13
